General information
- name: BNet
- type: Ladder team game (AT/RT)
- host: Battle.net
- saver: KOBE-OLD-MAN
map: MarketSquare
- players: 8
- length: 24:02
- speed: Fast
- version: 1.26 W3XP
- replay type: Public
» download(166 KB)
Players
team 1 (winner)
Elderon (
blue | 63 APM | 1494 actions | 23:53)
4 Blood Mage
2 Flame Strike
2 Siphon Mana
2 Mountain King
1 Storm Bolt
1 Bash
» actions
| Assign group hotkey | 37 | |
| Build / train | 135 | |
| Enter build submenu | 22 | |
| Enter hero's abilities submenu | 6 | |
| Give item / drop item | 1 | |
| Remove unit from queue | 1 | |
| Right click | 693 | |
| Select / deselect | 309 | |
| Select group hotkey | 201 | |
| Use ability | 89 | |
1494 total
» units
| Peasant | 20 | |
| Footman | 5 | |
| Rifleman | 14 | |
| Flying Machine | 31 | |
| Peon | 10 | |
| Tauren | 9 | |
| Shaman | 1 | |
| Troll Batrider | 1 | |
| Gryphon Rider | 7 | |
98 total
» upgrades
| Defend | 1 | |
| Gunpowder | 2 | |
| Long Rifles | 1 | |
| Lumber Harvesting | 2 | |
| Masonry | 2 | |
| Flak Cannons | 1 | |
| Plating | 1 | |
| Shaman Training | 2 | |
| Pulverize | 1 | |
| Melee Weapons | 1 | |
| Armor | 2 | |
| Swords | 1 | |
| Animal War Training | 1 | |
18 total
» buildings
| Altar of Kings | 1 | |
| Farm | 8 | |
| Barracks | 1 | |
| Lumber Mill | 1 | |
| Scout Tower | 1 | |
| Arcane Tower | 1 | |
| Arcane Vault | 1 | |
| Keep | 1 | |
| Blacksmith | 1 | |
| Castle | 1 | |
| Workshop | 2 | |
| Tauren Totem | 2 | |
| Spirit Lodge | 1 | |
| Orc Burrow | 3 | |
25 total
» build order
00:15 Altar of Kings
00:18 Farm
00:42 Barracks
00:57 Farm
01:14 Lumber Mill
02:02 Scout Tower
02:39 Arcane Tower
02:42 Farm
03:26 Arcane Vault
03:29 Farm
04:06 Keep
04:10 Blacksmith
04:29 Farm
06:19 Farm
07:37 Castle
07:41 Workshop
10:02 Farm
10:45 Farm
12:04 Workshop
15:29 Tauren Totem
15:31 Tauren Totem
15:35 Spirit Lodge
15:41 Orc Burrow
19:33 Orc Burrow
19:37 Orc Burrow
» items
| Lesser Clarity Potion | 2 | |
| Scroll of Regeneration | 3 | |
| Scroll of Town Portal | 1 | |
| Potion of Mana | 1 | |
7 total
Princess13acon (
green | 40 APM | 521 actions | 13:02)
5 Mountain King
3 Storm Bolt
2 Bash
2 Paladin
1 Holy Light
1 Divine Shield
2 Naga Sea Witch
1 Frost Arrows
1 Forked Lightning
» actions
| Build / train | 49 | |
| Enter build submenu | 21 | |
| Enter hero's abilities submenu | 9 | |
| Give item / drop item | 1 | |
| Right click | 222 | |
| Select / deselect | 185 | |
| Use ability | 34 | |
521 total
» units
| Peasant | 13 | |
| Footman | 10 | |
| Gryphon Rider | 2 | |
| Dragonhawk Rider | 1 | |
26 total
» upgrades
| Swords | 2 | |
| Armor | 2 | |
| Lumber Harvesting | 2 | |
| Storm Hammers | 1 | |
7 total
» buildings
| Barracks | 1 | |
| Altar of Kings | 1 | |
| Farm | 12 | |
| Arcane Vault | 1 | |
| Lumber Mill | 1 | |
| Scout Tower | 1 | |
| Arcane Tower | 1 | |
| Keep | 1 | |
| Blacksmith | 1 | |
| Castle | 1 | |
| Gryphon Aviary | 2 | |
23 total
» build order
00:56 Barracks
01:00 Altar of Kings
01:04 Farm
01:12 Farm
01:23 Arcane Vault
02:12 Farm
02:23 Lumber Mill
02:27 Scout Tower
02:40 Farm
02:54 Arcane Tower
03:51 Keep
03:57 Farm
04:43 Farm
05:36 Blacksmith
06:21 Castle
06:52 Gryphon Aviary
06:54 Gryphon Aviary
07:44 Farm
07:48 Farm
12:26 Farm
12:27 Farm
12:30 Farm
12:32 Farm
» items
HoHoHo (
teal | 89 APM | 2124 actions | 23:53)
6 Archmage
2 Summon Water Elemental
2 Brilliance Aura
2 Blizzard
1 Paladin
1 Holy Light
» actions
| Assign group hotkey | 62 | |
| Basic commands | 45 | |
| Build / train | 164 | |
| ESC pressed | 2 | |
| Enter build submenu | 60 | |
| Enter hero's abilities submenu | 7 | |
| Give item / drop item | 3 | |
| Right click | 816 | |
| Select / deselect | 285 | |
| Select group hotkey | 550 | |
| Use ability | 130 | |
2124 total
» units
| Peasant | 18 | |
| Footman | 5 | |
| Rifleman | 8 | |
| Priest | 2 | |
33 total
» upgrades
| Swords | 1 | |
| Gunpowder | 3 | |
| Armor | 3 | |
| Masonry | 6 | |
| Spiked Barricades | 1 | |
| Lumber Harvesting | 1 | |
| Reinforced Defenses | 1 | |
16 total
» buildings
| Farm | 7 | |
| Barracks | 1 | |
| Altar of Kings | 2 | |
| Lumber Mill | 1 | |
| Blacksmith | 2 | |
| Arcane Vault | 1 | |
| Town Hall | 1 | |
| Scout Tower | 37 | |
| Guard Tower | 47 | |
| Keep | 1 | |
| Arcane Tower | 9 | |
| Castle | 3 | |
| Arcane Sanctum | 2 | |
| Fortress | 3 | |
| Watch Tower | 3 | |
120 total
» build order
00:55 Farm
00:58 Barracks
01:00 Altar of Kings
01:08 Farm
01:45 Farm
02:11 Lumber Mill
02:24 Blacksmith
02:33 Farm
03:22 Arcane Vault
04:28 Town Hall
04:32 Scout Tower
04:34 Scout Tower
04:35 Scout Tower
05:07 Guard Tower
05:07 Guard Tower
05:10 Scout Tower
05:12 Scout Tower
05:13 Scout Tower
05:15 Scout Tower
06:02 Keep
06:35 Scout Tower
06:36 Scout Tower
06:38 Scout Tower
06:40 Scout Tower
06:44 Scout Tower
06:50 Scout Tower
07:18 Guard Tower
07:18 Guard Tower
07:23 Arcane Tower
07:24 Arcane Tower
08:39 Castle
08:39 Castle
08:40 Castle
09:37 Guard Tower
10:50 Arcane Sanctum
12:20 Scout Tower
12:21 Scout Tower
12:23 Scout Tower
12:27 Scout Tower
12:29 Scout Tower
12:32 Scout Tower
12:34 Scout Tower
12:40 Fortress
12:40 Fortress
12:44 Watch Tower
12:47 Watch Tower
12:59 Guard Tower
12:59 Guard Tower
12:59 Guard Tower
13:09 Scout Tower
13:09 Scout Tower
13:10 Scout Tower
13:10 Scout Tower
13:14 Scout Tower
13:16 Scout Tower
13:17 Scout Tower
13:20 Scout Tower
13:21 Scout Tower
13:24 Guard Tower
13:24 Guard Tower
13:25 Guard Tower
13:36 Guard Tower
13:36 Guard Tower
13:36 Guard Tower
13:36 Guard Tower
14:06 Guard Tower
14:06 Guard Tower
14:13 Guard Tower
14:13 Guard Tower
14:14 Guard Tower
14:23 Altar of Kings
14:31 Blacksmith
14:50 Scout Tower
14:52 Scout Tower
14:52 Scout Tower
15:02 Farm
15:04 Farm
15:07 Farm
15:23 Scout Tower
15:25 Scout Tower
15:50 Guard Tower
15:50 Guard Tower
16:17 Watch Tower
16:21 Guard Tower
16:21 Guard Tower
16:22 Guard Tower
16:24 Arcane Tower
16:24 Arcane Tower
16:25 Arcane Tower
16:25 Arcane Tower
16:25 Arcane Tower
16:27 Scout Tower
16:33 Scout Tower
16:36 Scout Tower
16:57 Guard Tower
16:58 Guard Tower
16:58 Guard Tower
17:06 Guard Tower
17:06 Guard Tower
17:07 Guard Tower
17:07 Guard Tower
21:55 Arcane Sanctum
» items
| Scroll of Regeneration | 4 | |
| Mechanical Critter | 4 | |
| Staff of Teleportation | 1 | |
| Boots of Speed | 1 | |
| Tome of Retraining | 1 | |
| Potion of Invisibility | 2 | |
| Scroll of Town Portal | 3 | |
| Potion of Healing | 1 | |
17 total
Mother_Dragons (
orange | 48 APM | 571 actions | 12:00)
3 Blademaster
2 Wind Walk
1 Mirror Image
» actions
| Basic commands | 3 | |
| Build / train | 33 | |
| Enter build submenu | 22 | |
| Enter hero's abilities submenu | 3 | |
| Give item / drop item | 2 | |
| Right click | 397 | |
| Select / deselect | 84 | |
| Use ability | 27 | |
571 total
» units
» upgrades
| Pillage | 1 | |
| Spiked Barricades | 1 | |
2 total
» buildings
| Orc Burrow | 4 | |
| Altar of Storms | 1 | |
| Barracks | 1 | |
| War Mill | 1 | |
| Stronghold | 2 | |
| Watch Tower | 9 | |
| Voodoo Lounge | 1 | |
| Great Hall | 1 | |
| Beastiary | 2 | |
| Spirit Lodge | 1 | |
23 total
» build order
00:32 Orc Burrow
00:35 Altar of Storms
00:50 Barracks
02:08 Orc Burrow
02:38 War Mill
04:09 Stronghold
04:09 Stronghold
04:17 Watch Tower
04:21 Watch Tower
04:40 Watch Tower
05:09 Watch Tower
05:45 Watch Tower
06:08 Watch Tower
06:18 Watch Tower
06:24 Voodoo Lounge
07:21 Orc Burrow
07:26 Orc Burrow
08:23 Great Hall
10:11 Beastiary
10:17 Spirit Lodge
10:31 Beastiary
11:30 Watch Tower
11:38 Watch Tower
» items
| Periapt of Vitality | 1 | |
| Potion of Lesser Invulnerability | 1 | |
2 total
team 2 (loser)
Dinastia1991 (
yellow | 33 APM | 791 actions | 23:53)
6 Mountain King
2 Bash
3 Storm Bolt
1 Avatar
» actions
| Basic commands | 71 | |
| Build / train | 59 | |
| Enter build submenu | 25 | |
| Enter hero's abilities submenu | 6 | |
| Give item / drop item | 2 | |
| Right click | 278 | |
| Select / deselect | 290 | |
| Use ability | 60 | |
791 total
» units
» upgrades
| Masonry | 2 | |
| Swords | 2 | |
| Plating | 2 | |
| Defend | 1 | |
| Animal War Training | 2 | |
9 total
» buildings
| Farm | 12 | |
| Altar of Kings | 1 | |
| Barracks | 2 | |
| Scout Tower | 6 | |
| Arcane Vault | 1 | |
| Arcane Tower | 2 | |
| Lumber Mill | 1 | |
| Guard Tower | 4 | |
| Keep | 1 | |
| Blacksmith | 1 | |
| Castle | 1 | |
32 total
» build order
00:09 Farm
00:15 Altar of Kings
00:43 Barracks
01:07 Farm
01:23 Scout Tower
01:38 Arcane Vault
02:05 Arcane Tower
02:11 Farm
02:37 Scout Tower
02:44 Lumber Mill
03:16 Farm
03:41 Guard Tower
03:51 Scout Tower
04:21 Farm
04:53 Guard Tower
04:55 Keep
05:20 Farm
05:26 Farm
06:22 Scout Tower
06:27 Farm
06:43 Blacksmith
06:58 Guard Tower
07:16 Scout Tower
07:19 Farm
07:25 Farm
07:40 Castle
08:21 Arcane Tower
08:27 Scout Tower
08:54 Barracks
09:42 Guard Tower
18:49 Farm
18:51 Farm
» items
| Scroll of Regeneration | 3 | |
| Mechanical Critter | 1 | |
| Boots of Speed | 1 | |
| Potion of Invisibility | 1 | |
| Potion of Healing | 1 | |
| Scroll of Town Portal | 1 | |
8 total
dcon.ReseT (
pink | 113 APM | 2700 actions | 23:53)
7 Priestess of the Moon
3 Trueshot Aura
3 Searing Arrows
1 Starfall
» actions
| Assign group hotkey | 35 | |
| Basic commands | 23 | |
| Build / train | 96 | |
| ESC pressed | 4 | |
| Enter build submenu | 30 | |
| Enter hero's abilities submenu | 7 | |
| Give item / drop item | 2 | |
| Right click | 1067 | |
| Select / deselect | 361 | |
| Select group hotkey | 969 | |
| Use ability | 106 | |
2700 total
» units
| Wisp | 31 | |
| Archer | 17 | |
| Hippogryph | 13 | |
| Chimaera | 7 | |
68 total
» upgrades
| Improved Bows | 1 | |
| Strength of the Moon | 3 | |
| Hippogryph Taming | 1 | |
| Moon Armor | 2 | |
| Marksmanship | 1 | |
| Corrosive Breath | 1 | |
| Strength of the Wild | 1 | |
10 total
» buildings
| Altar of Elders | 1 | |
| Moon Well | 8 | |
| Ancient of War | 2 | |
| Tree of Ages | 2 | |
| Hunter's Hall | 1 | |
| Tree of Life | 2 | |
| Ancient of Wind | 6 | |
| Ancient of Wonders | 1 | |
| Tree of Eternity | 3 | |
| Chimaera Roost | 3 | |
| Ancient Protector | 3 | |
32 total
» build order
00:10 Altar of Elders
00:20 Moon Well
00:38 Ancient of War
01:41 Moon Well
02:20 Ancient of War
02:31 Moon Well
03:11 Tree of Ages
03:12 Tree of Ages
04:34 Hunter's Hall
04:37 Moon Well
05:33 Tree of Life
05:55 Ancient of Wind
05:56 Ancient of Wind
06:08 Ancient of Wonders
09:28 Tree of Life
10:44 Tree of Eternity
10:45 Tree of Eternity
13:19 Chimaera Roost
13:20 Chimaera Roost
13:21 Chimaera Roost
15:06 Moon Well
15:31 Moon Well
16:29 Moon Well
16:33 Moon Well
19:49 Ancient of Wind
19:50 Ancient of Wind
19:59 Ancient of Wind
20:02 Ancient of Wind
20:18 Ancient Protector
20:19 Ancient Protector
20:20 Ancient Protector
» items
| Staff of Preservation | 1 | |
| Potion of Healing | 1 | |
| Anti-magic Potion | 1 | |
| Orb of Venom | 1 | |
4 total
KOBE-OLD-MAN (
purple | 56 APM | 1358 actions | 24:02)
3 Blademaster
2 Wind Walk
1 Critical Strike
» actions
| Assign group hotkey | 45 | |
| Basic commands | 93 | |
| Build / train | 46 | |
| Enter build submenu | 20 | |
| Enter hero's abilities submenu | 3 | |
| Give item / drop item | 4 | |
| Right click | 479 | |
| Select / deselect | 129 | |
| Select group hotkey | 482 | |
| Use ability | 57 | |
1358 total
» units
» upgrades
| Reinforced Defenses | 1 | |
| Envenomed Spears | 1 | |
2 total
» buildings
| Altar of Storms | 1 | |
| Orc Burrow | 8 | |
| Voodoo Lounge | 1 | |
| Stronghold | 4 | |
| War Mill | 1 | |
| Beastiary | 3 | |
| Great Hall | 1 | |
| Fortress | 1 | |
| Watch Tower | 18 | |
38 total
» build order
00:16 Altar of Storms
00:23 Orc Burrow
01:26 Voodoo Lounge
02:09 Stronghold
02:09 Stronghold
02:27 War Mill
02:30 Orc Burrow
02:55 Orc Burrow
04:00 Orc Burrow
04:37 Beastiary
04:42 Beastiary
06:17 Great Hall
07:03 Fortress
08:01 Watch Tower
08:02 Watch Tower
08:02 Watch Tower
08:03 Watch Tower
09:14 Watch Tower
10:34 Watch Tower
10:35 Watch Tower
10:35 Watch Tower
11:03 Watch Tower
11:03 Watch Tower
11:04 Watch Tower
11:04 Watch Tower
11:05 Watch Tower
11:05 Watch Tower
11:51 Orc Burrow
11:51 Orc Burrow
12:58 Beastiary
15:42 Watch Tower
15:42 Watch Tower
15:43 Watch Tower
15:43 Watch Tower
19:26 Orc Burrow
19:26 Orc Burrow
22:11 Stronghold
22:11 Stronghold
» items
| Healing Salve | 2 | |
| Lesser Clarity Potion | 1 | |
| Staff of Teleportation | 1 | |
| Scroll of Town Portal | 8 | |
| Orb of Lightning | 1 | |
13 total
BMonYOURface (
red | 49 APM | 1162 actions | 23:53)
5 Archmage
3 Summon Water Elemental
1 Brilliance Aura
1 Blizzard
» actions
| Assign group hotkey | 46 | |
| Basic commands | 6 | |
| Build / train | 84 | |
| Enter build submenu | 28 | |
| Enter hero's abilities submenu | 5 | |
| Give item / drop item | 2 | |
| Right click | 356 | |
| Select / deselect | 273 | |
| Select group hotkey | 265 | |
| Use ability | 97 | |
1162 total
» units
| Peasant | 23 | |
| Footman | 3 | |
| Rifleman | 13 | |
| Priest | 7 | |
| Mortar Team | 6 | |
52 total
» upgrades
| Gunpowder | 3 | |
| Lumber Harvesting | 2 | |
| Armor | 3 | |
| Priest Training | 2 | |
| Long Rifles | 1 | |
| Fragmentation Shards | 1 | |
| Flare | 1 | |
13 total
» buildings
| Farm | 23 | |
| Lumber Mill | 1 | |
| Altar of Kings | 1 | |
| Barracks | 1 | |
| Blacksmith | 1 | |
| Town Hall | 1 | |
| Scout Tower | 3 | |
| Keep | 1 | |
| Arcane Vault | 1 | |
| Guard Tower | 3 | |
| Arcane Sanctum | 1 | |
| Workshop | 2 | |
| Castle | 1 | |
40 total
» build order
00:20 Farm
00:41 Farm
00:54 Lumber Mill
01:01 Altar of Kings
01:11 Barracks
02:09 Blacksmith
02:32 Farm
03:14 Farm
04:25 Town Hall
04:31 Scout Tower
04:48 Farm
05:11 Keep
05:30 Farm
05:36 Arcane Vault
05:52 Scout Tower
05:58 Guard Tower
07:13 Scout Tower
07:14 Guard Tower
07:57 Guard Tower
08:15 Arcane Sanctum
09:56 Workshop
09:59 Workshop
10:00 Castle
10:40 Farm
10:40 Farm
10:41 Farm
10:41 Farm
10:42 Farm
10:43 Farm
10:44 Farm
10:44 Farm
13:51 Farm
13:54 Farm
13:57 Farm
14:04 Farm
14:04 Farm
14:05 Farm
14:51 Farm
14:52 Farm
14:54 Farm
» items
| Periapt of Vitality | 2 | |
| Boots of Speed | 1 | |
| Potion of Lesser Invulnerability | 1 | |
| Scroll of Town Portal | 4 | |
8 total
Chat log
(00:12 / All) KOBE-OLD-MAN: HIEL mother of dragons
(00:17 / All) dcon.ReseT: HIEL
(00:18 / All) HoHoHo: HO HO HO, MERRY CHRISTMAS MY FRIENDS STILL PLAYING BATTLE.NET!
(00:23 / All) Princess13acon: HIEL
(00:27 / All) HoHoHo: HEIL!
(01:36 / All) Mother_Dragons: wisp scout
(01:52 / Allies) KOBE-OLD-MAN: k
(03:23 / All) KOBE-OLD-MAN: who here loves fallout 4
(03:35 / All) dcon.ReseT: rip kobe :(
(03:37 / All) Princess13acon: is that food?
(04:14 / Allies) KOBE-OLD-MAN: tis ok if i get middle expo yellow?
(05:16 / Allies) KOBE-OLD-MAN: i got bats wyverns someone get melee
(06:53 / Allies) dcon.ReseT: orange has 1 biggilion towers
(09:33 / Allies) BMonYOURface: come back yellwo
(09:34 / All) Mother_Dragons: definite hacvkertsd
(09:39 / All) Mother_Dragons: jack much
(09:45 / All) Mother_Dragons: hack much
(11:09 / Allies) KOBE-OLD-MAN: wood
(12:01 / All) HoHoHo: fucking gay
(12:05 / All) HoHoHo: I clicked tp
(12:06 / All) dcon.ReseT: gg
(12:08 / All) HoHoHo: but I forgot how bad latency was
(13:12 / All) BMonYOURface: fuck
(13:35 / Allies) KOBE-OLD-MAN: wood
(14:23 / Allies) KOBE-OLD-MAN: wood
(14:30 / Allies) dcon.ReseT: i literally have 20
(15:09 / Allies) KOBE-OLD-MAN: get siege
(15:11 / Allies) KOBE-OLD-MAN: enough aa
(16:44 / All) BMonYOURface: i have all day blue
(17:17 / Allies) Dinastia1991: destroy biuld
(17:45 / Allies) KOBE-OLD-MAN: wood
(18:29 / All) HoHoHo: HO HO HO, MERRY CHRISTMAS! A GREAT GIFT OF A LOSS TO ALL OF YOU!
(18:58 / All) HoHoHo: HO HO HO! MERRY CHRISTMAS, RED!
(19:08 / All) dcon.ReseT: da fuck lol
(19:40 / Allies) KOBE-OLD-MAN: pink is tk
(19:58 / All) HoHoHo: Pink and red, MERRY CHRISTMAS! It came early for you two, you both get the honour of losing to me!
(20:02 / All) HoHoHo: Even yellow gets the same gift
(20:11 / All) HoHoHo: MERRY CHRISTMAS HO HO HO!
(20:24 / Allies) Dinastia1991: come purple
(20:26 / Allies) Dinastia1991: end this game
(20:29 / Allies) dcon.ReseT: hes
(20:30 / Allies) dcon.ReseT: tking
(20:40 / Allies) KOBE-OLD-MAN: stfu
(20:42 / Allies) KOBE-OLD-MAN: u lost lol
(20:43 / Allies) KOBE-OLD-MAN: nigger
(20:48 / Allies) dcon.ReseT: u must be
(20:49 / Allies) dcon.ReseT: a fat kid
(20:50 / Allies) dcon.ReseT: irl
(21:21 / All) HoHoHo: HO HO HO! MERRY CHRISTMAS LADS
(21:50 / All) KOBE-OLD-MAN: i aint fat
(21:53 / All) KOBE-OLD-MAN: im big bone
(22:16 / All) Dinastia1991: im pushing alone
(22:17 / All) HoHoHo: HO HO HO! MERRY CHRISTMAS EVERYBODY!
(22:20 / All) Dinastia1991: bord
(22:29 / All) KOBE-OLD-MAN: retard allies
(22:33 / All) KOBE-OLD-MAN: hitting ojs towered base lawl
(22:33 / All) HoHoHo: Merry Christmas yellow, you get a loss to me! WHat a prize!
(22:38 / Allies) BMonYOURface: stupid fuckj allies
(22:39 / All) HoHoHo: Were your allies that dumb ?
(22:44 / All) HoHoHo: Sorry to hear that purp
(23:10 / Allies) BMonYOURface: what the fuck purple
(23:32 / All) HoHoHo: HO HO HO MERRY CHRISTMAS
(23:47 / All) HoHoHo: MERRY CHRISTMAS YELLOW!